 Dungeon Crawl Stone Soup version 0.31-a0-1363-g282adc679d (webtiles) character file.

Game seed: 12809779987250310560

92 James the Slicer (level 4, 0/38 HPs)
             Began as a Gnoll Wanderer on Dec 23, 2023.
             Slain by Grinder (5 damage)
             ... on level 3 of the Dungeon.
             The game lasted 00:05:17 (1991 turns).

James the Slicer (Gnoll Wanderer)                   Turns: 1991, Time: 00:05:18

Health: 0/38       AC:  2    Str: 10    XL:     4   Next: 60%
Magic:  5/5        EV: 11    Int:  9    God:
Gold:   69         SH:  5    Dex: 17    Spells: 5/5 levels left

rFire   + . .        a - +0 rapier
rCold   . . .        c - +0 buckler
rNeg    . . .        o - +0 robe {rF+}
rPois   .            (no helmet)
rElec   .            (no cloak)
rCorr   .            (no gloves)
SInv    .            (no boots)
Will    .....        (no amulet)
Stlth   ++           (no ring)
HPRegen 0.26/turn    (no ring)
MPRegen 0.09/turn

%: no passive effects
@: no status effects
A: fangs 1, strong nose, distributed training
a: no special abilities


You were on level 3 of the Dungeon.
You visited 1 branch of the dungeon, and saw 3 of its levels.

You collected 69 gold pieces.

Inventory:

Hand Weapons
 a - a +0 rapier (weapon)
 v - a +0 morningstar
   (You found it on level 3 of the Dungeon)
 x - a +2 dagger of electrocution
   (You found it on level 3 of the Dungeon)
Missiles
 n - 23 stones
Armour
 c - a +0 buckler (worn)
 e - a +0 robe
 l - a +0 robe
   (You found it on level 1 of the Dungeon)
 o - a +0 robe of fire resistance (worn)
   (You found it on level 2 of the Dungeon)
 p - a +0 robe
   (You found it on level 2 of the Dungeon)
 w - a +0 leather armour
   (You found it on level 3 of the Dungeon)
Scrolls
 d - 4 scrolls of teleportation {@r4}
 f - 2 scrolls of fog {unknown}
 j - a scroll of revelation {unknown}
 k - 3 scrolls of poison {unknown}
 m - 3 scrolls of identify {unknown}
 s - 2 scrolls of immolation {unknown}
 t - a scroll of fear {unknown}
Potions
 b - 2 potions of lignification {!q}
 g - 2 potions of enlightenment {unknown}
 h - a potion of heal wounds {unknown}
 i - a potion of attraction {unknown}
 q - a potion of curing {unknown}
 u - a potion of resistance {unknown}
 z - a potion of mutation {unknown}


   Skills:
 + Level 4.7 Fighting
 + Level 8.6 Short Blades
 + Level 1.2 Long Blades
 + Level 1.2 Axes
 + Level 1.2 Maces & Flails
 + Level 1.2 Polearms
 + Level 1.2 Staves
 + Level 1.2 Ranged Weapons
 + Level 1.2 Throwing
 + Level 2.8 Armour
 + Level 1.2 Dodging
 + Level 2.6 Stealth
 + Level 4.7 Shields
 + Level 1.2 Unarmed Combat
 + Level 1.2 Spellcasting
 + Level 1.0 Conjurations
 + Level 1.0 Hexes
 + Level 1.0 Summonings
 + Level 1.0 Necromancy
 + Level 1.0 Translocations
 + Level 1.0 Fire Magic
 + Level 1.0 Ice Magic
 + Level 1.0 Air Magic
 + Level 1.0 Earth Magic
 + Level 1.0 Alchemy
 + Level 1.3 Invocations
 + Level 1.2 Evocations
 + Level 1.1 Shapeshifting


You had 5 spell levels left.
You didn't know any spells.
Your spell library contained the following spells:

 Spells                   Type           Power      Damage    Failure   Level
 Dazzling Flash           Conj/Hex       4%         N/A       69%         3
 Mephitic Cloud           Conj/Alch/Air  2%         N/A       69%         3
 Agony                    Necr           2%         N/A       100%        5
 Silence                  Hex/Air        1%         N/A       100%        5


Dungeon Overview and Level Annotations

Branches:
Dungeon (3/15)

Altars:

Annotations:
D:2 exclusion: quokka, Sigmund
D:3 exclusion: door, Grinder


Innate Abilities, Weirdness & Mutations

You have very sharp teeth.
Your uncanny sense of smell can sniff out nearby items.
Your experience applies equally to all skills.


Message History

Unknown command.
Throw: 5 darts (poison)
Press: ? - help, Q - select action, (/) - cycle Shift-Dir - straight line, f - Grinder
Aim: Grinder (55% to hit)
You throw a poisoned dart. The poisoned dart hits Grinder.
Grinder is poisoned.
Throw: 4 darts (poison)
Press: ? - help, Q - select action, (/) - cycle Shift-Dir - straight line, f/p - Grinder
Aim: Grinder (lightly wounded, poisoned, 55% to hit)
You throw a poisoned dart.
The poisoned dart closely misses Grinder.
Grinder gestures at you. You resist with significant effort.
Throw: 3 darts (poison)
Press: ? - help, Q - select action, (/) - cycle Shift-Dir - straight line, f/p - Grinder
Aim: Grinder (lightly wounded, poisoned, 55% to hit)
You throw a poisoned dart. The poisoned dart hits Grinder.
Throw: 2 darts (poison)
Press: ? - help, Q - select action, (/) - cycle Shift-Dir - straight line, f/p - Grinder
Aim: Grinder (lightly wounded, poisoned, 55% to hit)
You throw a poisoned dart. The poisoned dart hits Grinder.
Grinder looks even sicker.
Throw: dart (poison)
Press: ? - help, Q - select action, (/) - cycle Shift-Dir - straight line, f/p - Grinder
Aim: Grinder (lightly wounded, very poisoned, 55% to hit)
You throw a poisoned dart.
The poisoned dart closely misses Grinder.
A giant cockroach comes into view.
You hit Grinder. Grinder gestures at you. Pain shoots through your body!
You closely miss Grinder. Grinder hits you!
* * * LOW HITPOINT WARNING * * *
You writhe in agony.
* * * LOW HITPOINT WARNING * * *
You closely miss Grinder. You hit Grinder but do no damage. Grinder misses you.
You puncture Grinder! You block Grinder's attack.
You hit Grinder. Grinder gestures at you. Pain shoots through your body!
* * * LOW HITPOINT WARNING * * *
You closely miss Grinder. Grinder barely misses you.
You barely miss Grinder. You closely miss Grinder.
Grinder hits you but does no damage.
You closely miss Grinder. Grinder misses you.
You barely miss Grinder.
Grinder looks more healthy.
Grinder hits you!
* * * LOW HITPOINT WARNING * * *
You writhe in agony.
You die...
Grinder says, "Hey, I wasn't done torturing you yet!"

#....####.#....#......'....÷..
#..............#......####.÷.#
#.....####..#..############.##
###...........#...........# #÷#
#.......####.##.#.#######.# #÷#
##.#####.## #......# #.# #+#
..........######.#########.# ÷..
###.......................##..K..
#.......##...#@##########÷.KK÷.
#.......##...#5# #÷.KKK.
###.......##...#B# #......
..........##...#(# ##..)..
..........######(# .....######
#(# .....# ... ###### ... .....


You could see Grinder and a giant cockroach.

Vanquished Creatures
  4 adders
  3 dart slugs
  2 ball pythons (D:1)
  4 endoplasms
  A giant cockroach (D:3)
  5 goblins
  2 hobgoblins (D:1)
  11 jackals
  4 quokkas
  2 frilled lizards
  6 kobolds
  A rat (D:1)
45 creatures vanquished.

Notes
Turn   | Place    | Note
-------+----------+-------------------------------------------
     0 | D:1      | James the Gnoll Wanderer began the quest for the Orb.
     0 | D:1      | James set off with the following items: a +0 rapier, a
                  | potion of lignification {!q}, a +0 buckler, a scroll of
                  | teleportation {@r4}, a +0 robe.
     0 | D:1      | Reached XP level 1. HP: 20/20 MP: 1/1
   264 | D:1      | Reached XP level 2. HP: 26/26 MP: 2/2
   393 | D:1      | Found a faded altar of an unknown god.
   506 | D:1      | Reached XP level 3. HP: 30/31 MP: 3/3
   936 | D:2      | Reached skill level 1 in Invocations
  1021 | D:2      | Reached skill level 1 in Long Blades
  1021 | D:2      | Reached skill level 1 in Axes
  1021 | D:2      | Reached skill level 1 in Maces & Flails
  1021 | D:2      | Reached skill level 1 in Polearms
  1021 | D:2      | Reached skill level 1 in Staves
  1021 | D:2      | Reached skill level 1 in Ranged Weapons
  1021 | D:2      | Reached skill level 1 in Throwing
  1021 | D:2      | Reached skill level 1 in Dodging
  1021 | D:2      | Reached skill level 1 in Unarmed Combat
  1021 | D:2      | Reached skill level 1 in Spellcasting
  1021 | D:2      | Reached skill level 1 in Evocations
  1138 | D:2      | Noticed Sigmund
  1224 | D:2      | Reached skill level 1 in Shapeshifting
  1224 | D:2      | Reached XP level 4. HP: 38/38 MP: 5/5
  1561 | D:3      | Noticed Grinder
  1587 | D:3      | Reached skill level 1 in Conjurations
  1587 | D:3      | Reached skill level 1 in Hexes
  1587 | D:3      | Reached skill level 1 in Summonings
  1587 | D:3      | Reached skill level 1 in Necromancy
  1587 | D:3      | Reached skill level 1 in Translocations
  1587 | D:3      | Reached skill level 1 in Fire Magic
  1587 | D:3      | Reached skill level 1 in Ice Magic
  1587 | D:3      | Reached skill level 1 in Air Magic
  1587 | D:3      | Reached skill level 1 in Earth Magic
  1587 | D:3      | Reached skill level 1 in Alchemy
  1841 | D:3      | Found the +7 Throatcutter {drain, coup de grace}
  1841 | D:3      | Noticed a kobold brigand
  1841 | D:3      | Noticed a kobold brigand
  1841 | D:3      | Noticed a kobold brigand
  1973 | D:3      | Paralysed by Grinder for 3 turns
  1991 | D:3      | Slain by Grinder

Illustrated notes

Levels and vault maps discovered:
D:1:      psy_arrival_statuary, layout_loops_ring,
          shapermc_ecumenical_altar_notcrosses
D:2:      layout_rooms, corexii_leaking_fountain, uniq_sigmund
D:3:      layout_basic, dilly_guarded_unrand_throatcut, uniq_grinder

Skill      XL: |  1  2  3  4 |
---------------+-------------+-----
Invocations    | 1 |  1.3
Long Blades    | 1 |  1.2
Axes           | 1 |  1.2
Maces & Flails | 1 |  1.2
Polearms       | 1 |  1.2
Staves         | 1 |  1.2
Ranged Weapons | 1 |  1.2
Throwing       | 1 |  1.2
Dodging        | 1 |  1.2
Unarmed Combat | 1 |  1.2
Spellcasting   | 1 |  1.2
Evocations     | 1 |  1.2
Shapeshifting  | 1 |  1.1
Conjurations   | 1 |  1.0
Hexes          | 1 |  1.0
Summonings     | 1 |  1.0
Necromancy     | 1 |  1.0
Translocations | 1 |  1.0
Fire Magic     | 1 |  1.0
Ice Magic      | 1 |  1.0
Air Magic      | 1 |  1.0
Earth Magic    | 1 |  1.0
Alchemy        | 1 |  1.0
Fighting       | |  4.7
Short Blades   | |  8.6
Armour         | |  2.8
Stealth        | |  2.6
Shields        | |  4.7

Action                     |  1- 3 |  4- 6 || total
---------------------------+-------+-------++-------
  Melee: Rapier            |    88 |    55 ||   143
         Bite              |     6 |     2 ||     8
  Throw: Stone             |     4 |       ||     4
         Dart              |       |     5 ||     5
   Stab: Sleeping          |     6 |     3 ||     9
 Armour: Robe              |    27 |    27 ||    54
  Dodge: Dodged            |    28 |    20 ||    48
  Block: Buckler           |    14 |    10 ||    24

Table legend: (Time is in decaauts)
 A = Elapsed time spent in this place.
 B = Non-inter-level travel time spent in this place.
 C = Inter-level travel time spent in this place.
 D = Time resting spent in this place.
 E = Time spent auto-exploring this place.
 F = Levels seen in this place.
 G = Mean time per level.
                   A        B        C        D        E       F      G
               +--------+--------+--------+--------+--------+-----+--------+
         Total |   1968 |   1847 |    121 |     93 |   1139 |   3 |  656.0 |
       Dungeon |   1968 |   1847 |    121 |     93 |   1139 |   3 |  656.0 |
               +--------+--------+--------+--------+--------+-----+--------+

Top non-repeatable levels by time:
     D:1: 904 daAuts
     D:2: 631 daAuts
     D:3: 432 daAuts
